 Dungeon Crawl Stone Soup version 0.31-a0-175-g9f7f995f2b (webtiles) character file.

Game seed: 10110820591604649154

776 rapeowns the Conjurer (level 7, -1/36 (40) HPs)
             Began as a Deep Elf Conjurer on June 17, 2023.
             Was an Initiate of Gozag.
             Slain by Edmund
             ... wielding a +6 flail of draining
              (7 damage)
             ... on level 5 of the Dungeon.
             The game lasted 00:10:54 (4207 turns).

rapeowns the Conjurer (Deep Elf Conjurer)           Turns: 4207, Time: 00:10:54

HP:   -1/36 (40)    AC:  7    Str:  4    XL:     7   Next: 54%
MP:   5/16          EV: 13    Int: 25    God:    Gozag
Gold: 177           SH:  0    Dex: 13    Spells: 6/15 levels left

rFire   . . .        t - +2 shortbow (elec)
rCold   + . .        (shield currently unavailable)
rNeg    . . .        a - +0 robe
rPois   .            l - +0 helmet
rElec   .            (no cloak)
rCorr   .            (no gloves)
SInv    .            (no boots)
Will    .....        (no amulet)
Stlth   ++           i - ring of protection from cold
HPRegen 0.26/turn    m - +4 ring of protection
MPRegen 0.15/turn

%: no passive effects
@: gold aura, heavily drained
A: no striking features
a: Renounce Religion, Potion Petition, Call Merchant, Bribe Branch


You were on level 5 of the Dungeon.
You worshipped Gozag.
Gozag was aware of your devotion.
You visited 1 branch of the dungeon, and saw 5 of its levels.

You collected 372 gold pieces.
You spent 195 gold pieces at shops.

Inventory:

Hand Weapons
 t - a +2 shortbow of electrocution (weapon)
Missiles
 s - a throwing net
Armour
 a - a +0 robe (worn)
 l - a +0 helmet (worn)
Magical Staves
 n - a staff of poison
Jewellery
 i - a ring of protection from cold (left hand)
 m - a +4 ring of protection (right hand)
Wands
 q - a wand of digging (5)
Scrolls
 c - 5 scrolls of identify {unknown}
 d - a scroll of enchant armour {unknown}
 e - 3 scrolls of noise {unknown}
 f - a scroll of silence {unknown}
 o - a scroll of fear {unknown}
 p - a scroll of teleportation {unknown}
 r - a scroll of butterflies {unknown}
Potions
 b - a potion of brilliance {unknown}
 g - a potion of heal wounds {unknown}
 h - a potion of might {unknown}
 j - a potion of lignification {unknown}
 k - a potion of curing {unknown}


   Skills:
 - Level 2.0 Fighting
 + Level 4.1 Ranged Weapons
 - Level 4.1 Dodging
 - Level 2.5 Stealth
 - Level 4.8 Spellcasting
 - Level 5.4 Conjurations
 - Level 4.0 Hexes
 - Level 4.0 Summonings


You had 6 spell levels left.
You knew the following spells:

 Your Spells              Type           Power      Damage    Failure   Level
a - Magic Dart            Conj           100%       1d8       1%          1
b - Call Canine Familiar  Summ           26%        N/A       4%          3
c - Searing Ray           Conj           66%        2d6       1%          2
d - Summon Guardian Gole  Hex/Summ       26%        N/A       4%          3

Your spell library contained the following spells:

 Spells                   Type           Power      Damage    Failure   Level
 Summon Small Mammal      Summ           100%       N/A       1%          1
 Dazzling Flash           Conj/Hex       58%        N/A       3%          3
 Fulminant Prism          Conj/Hex       14%        3d8       12%         4
 Iskenderun's Mystic Bla  Conj/Tloc      19%        2d6       26%         4


Dungeon Overview and Level Annotations

Branches:
Dungeon (5/15)
 Temple: D:4-7

Altars:
Ashenzari
Dithmenos
Fedhas
Gozag
Kikubaaqudgha
Nemelex Xobeh
Okawaru
Qazlal
Trog

Shops:
D:1 [(?   D:4 (

Annotations:
D:5 2 runed translucent doors, Edmund


Message History

Confirm with . or Enter, or press ? or * to list all spells.
Okay, then.
Okay, then.
Casting: Searing Ray (safe; 1% risk of failure)
Confirm with . or Enter, or press ? or * to list all spells.
Aiming: Searing Ray (safe; 1% risk of failure)
Press: ? - help, Shift-Dir - straight line, f - hound, p - Edmund
Aim: a hound (severely wounded, 73% to hit)
The searing ray hits Edmund!
Edmund is severely wounded.
The searing ray hits the hound!
You kill the hound! (Press . to maintain the ray.) Edmund hits you with a +6 flail of draining.
* * * LOW HITPOINT WARNING * * *
You feel drained.
* * * LOW HITPOINT WARNING * * *
Training target 4.0 for Hexes reached!
Your Ranged Weapons skill increases to level 4!
Your Hexes skill increases to level 4!
Unknown command.
Unknown command.
The searing ray hits Edmund.
Edmund is almost dead.
Edmund barely misses you.
Unknown command.
Unknown command.
Unknown command.
The searing ray hits Edmund.
Edmund is almost dead.
Edmund hits you but does no damage.
You feel drained.
Unknown command.
Unknown command.
Unknown command.
The searing ray hits Edmund.
Edmund is almost dead.
You finish channelling your searing ray.
Edmund hits you with a +6 flail of draining!
You die...
Your body crumbles into a pile of gold.

# ##8..8##.# $
## #8....8#.# .
.#
#|....)#.####..
.#
#(....[#.....
## #8....8#...
# ###8.c8##.# #
+.##++##..# #
#.........# #
#.....##.@# ##
##....####@#
.######.....#
#$#
........#.###
#.# ##........#
#.# #####.####
#.# #... ...
##### #.#


You could see Edmund.

Vanquished Creatures
  Eustachio (D:5)
  A scorpion (D:4)
  3 hounds
  2 orc priests (D:4)
  3 iguanas
  An orc wizard (D:5)
  Robin (D:2)
  6 gnolls
  2 adders
  A worm (D:2)
  2 dart slugs (D:1)
  8 orcs
  7 ball pythons
  8 endoplasms
  4 giant cockroaches
  13 goblins
  6 hobgoblins
  5 jackals (D:3)
  7 kobolds
  5 quokkas
  5 bats
  A frilled lizard (D:3)
  3 rats
95 creatures vanquished.

Vanquished Creatures (collateral kills)
  An orc priest (D:5)
  An iguana (D:4)
  6 gnolls
  An adder (D:4)
  An endoplasm (D:4)
10 creatures vanquished.

Grand Total: 105 creatures vanquished

Notes
Turn   | Place    | Note
-------+----------+-------------------------------------------
     0 | D:1      | rapeowns the Deep Elf Conjurer began the quest for the Orb.
     0 | D:1      | Reached XP level 1. HP: 10/10 MP: 6/6
   193 | D:1      | Reached XP level 2. HP: 15/15 MP: 4/8
   534 | D:1      | Found Anuqash's Antique Weapon Boutique.
   569 | D:1      | Found Xoubruru's Magic Scroll Emporium.
   623 | D:1      | Reached XP level 3. HP: 20/20 MP: 7/10
   631 | D:1      | Learned a level 3 spell: Call Canine Familiar
   681 | D:1      | Found Bid Ysug's Armour Shoppe.
  1190 | D:2      | Reached skill level 1 in Summonings
  1463 | D:2      | Learned a level 2 spell: Searing Ray
  1543 | D:2      | Noticed Robin
  1556 | D:2      | Killed Robin
  1557 | D:2      | Reached skill level 1 in Fighting
  1557 | D:2      | Reached XP level 4. HP: 7/25 MP: 8/11
  1928 | D:3      | Found a bloodstained altar of Trog.
  2270 | D:3      | Found a faded altar of an unknown god.
  2278 | D:3      | Prayed at the altar of an unknown god.
  2278 | D:3      | Became a worshipper of Gozag Ym Sagoz the Greedy
  2561 | D:3      | Found a faded altar of an unknown god.
  2623 | D:3      | Reached XP level 5. HP: 23/29 MP: 8/12
  2676 | D:3      | Found a blossoming altar of Fedhas.
  2903 | D:4      | Reached skill level 5 in Conjurations
  2989 | D:4      | Reached XP level 6. HP: 34/34 MP: 7/14
  3204 | D:4      | Found a broken altar of Ashenzari.
  3418 | D:4      | Found a stormy altar of Qazlal.
  3418 | D:4      | Found an ancient bone altar of Kikubaaqudgha.
  3501 | D:4      | Learned a level 3 spell: Summon Guardian Golem
  3565 | D:4      | Found a shadowy altar of Dithmenos.
  3648 | D:4      | Found Ijosi's Weapon Shop.
  3656 | D:4      | Bought a +2 shortbow of electrocution for 195 gold pieces
  3717 | D:5      | Entered Level 5 of the Dungeon
  3837 | D:5      | Noticed Eustachio
  3850 | D:5      | Reached skill level 1 in Ranged Weapons
  3850 | D:5      | Reached skill level 1 in Hexes
  3981 | D:5      | Killed Eustachio
  3982 | D:5      | Reached XP level 7. HP: 40/40 MP: 12/16
  4020 | D:5      | Found an iron altar of Okawaru.
  4129 | D:5      | Found a sparkling altar of Nemelex Xobeh.
  4176 | D:5      | Found a large runed translucent door.
  4177 | D:5      | Found a large runed translucent door.
  4190 | D:5      | Noticed a troll
  4194 | D:5      | Noticed Edmund
  4207 | D:5      | Slain by Edmund

Illustrated notes

Levels and vault maps discovered:
D:1:      lightli_arrival_flooded_house, layout_basic, serial_shops, shop, shop,
          shop
D:2:      layout_rooms, roderic_lattice_a, chequers_arboretum, uniq_robin
D:3:      layout_basic, nicolae_overflow_ecumenical_swirl, bloody_trog,
          ebering_ecumenical_altar_webs
D:4:      layout_rooms, mainiacjoe_overflow_concentric_impassable,
          nicolae_dithmenos_the_darkroom, gammafunk_temple_overflow_statue,
          serial_shops, shop
D:5:      layout_loops_ring, lemuel_crystal_altar, mainiacjoe_overflow_paths,
          minmay_hollow_rounded_squares, uniq_eustachio, uniq_edmund,
          uniq_sigmund, uniq_menkaure

Skill      XL: |  1  2  3  4  5  6  7 |
---------------+----------------------+-----
Dodging        | 3 4 |  4.1
Summonings     | 2 3 4 |  4.0
Fighting       | 1 2 |  2.0
Spellcasting   | 4 |  4.8
Conjurations   | 5 |  5.4
Ranged Weapons | 3 4 |  4.1
Hexes          | 3 4 |  4.0
Stealth        | |  2.5

Action                     |  1- 3 |  4- 6 |  7- 9 || total
---------------------------+-------+-------+-------++-------
  Melee: Unarmed           |     3 |       |       ||     3
         Dagger            |       |    37 |       ||    37
   Fire: Shortbow          |       |    36 |     7 ||    43
   Cast: Magic Dart        |    68 |    70 |       ||   138
         Searing Ray       |     4 |     6 |     3 ||    13
         Call Canine Famil |       |     9 |     2 ||    11
    Use: Potion            |     1 |       |       ||     1
 Armour: Robe              |     1 |    16 |     2 ||    19
  Dodge: Dodged            |     7 |    52 |     5 ||    64

Table legend: (Time is in decaauts)
 A = Elapsed time spent in this place.
 B = Non-inter-level travel time spent in this place.
 C = Inter-level travel time spent in this place.
 D = Time resting spent in this place.
 E = Time spent auto-exploring this place.
 F = Levels seen in this place.
 G = Mean time per level.
                   A        B        C        D        E       F      G
               +--------+--------+--------+--------+--------+-----+--------+
         Total |   4220 |   4155 |     65 |    138 |   3330 |   5 |  844.0 |
       Dungeon |   4220 |   4155 |     65 |    138 |   3330 |   5 |  844.0 |
               +--------+--------+--------+--------+--------+-----+--------+

Top non-repeatable levels by time:
     D:1: 1094 daAuts
     D:4: 1043 daAuts
     D:3: 819 daAuts
     D:2: 797 daAuts
     D:5: 466 daAuts
